Map: [ESL] Data-C

Players

Dark - Winner!

  • Race: Zerg Zerg
  • Spawn Location: 3:00

MaNa

  • Race: Protoss Protoss
  • Spawn Location: 9:00

Event: DreamHack SC2 Masters 2022 Valencia

VOD

Have the link to the VOD?

Description

Time

  • Played on: July 1, 2022, 1:09 p.m.
  • Length: 24:02

All games in this series

Show
View Real Time Build Order
Export as new Build Order

Dark Zerg - Winner!

Build Orders: Hatch First 

Get SALT Encoding   

  12  0:00  Drone  
  13  0:12  Overlord  
  13  0:17  Drone  
  14  0:30  Drone  
  14  0:31  Drone  
  14  0:35  Drone  
  17  0:52  Hatchery  
  17  0:56  Drone  
  17  1:01  Drone  
  18  1:10  Extractor  
  17  1:15  Spawning Pool  
  17  1:17  Drone  
  17  1:20  Drone  
  18  1:29  Drone  
  19  1:40  Drone  
  20  1:50  Drone  
  21  2:03  Queen x2  
  21  2:04  Zergling x4  
  27  2:10  Metabolic Boost  
  27  2:12  Overlord  
  27  2:15  Drone  
  28  2:31  Drone x2  
  28  2:36  Drone  
  28  2:37  Drone  
  32  2:42  Hatchery  
  31  2:48  Queen  
  33  2:53  Drone x2  
  35  3:04  Overlord  
  35  3:12  Spore Crawler, Queen  
  36  3:20  Overlord  
  36  3:22  Drone  
  36  3:24  Drone x2, Queen  
  36  3:25  Spore Crawler  
  36  3:27  Drone  
  42  3:28  Drone  
  42  3:30  Drone  
  44  3:35  Overlord  
  44  3:38  Drone  
  44  3:40  Spore Crawler  
  44  3:42  Zergling x2  
  44  3:44  Zergling x2  
  46  3:56  Drone  
  46  3:57  Drone  
  46  3:58  Drone  
  46  4:00  Queen  
  51  4:03  Drone x3  
  54  4:10  Drone x2  
  54  4:12  Zergling x6  
  59  4:18  Drone  
  59  4:19  Drone x2  
  59  4:20  Evolution Chamber  
  61  4:24  Drone  
  61  4:25  Drone  
  61  4:29  Overlord  
  63  4:32  Zergling x4  
  63  4:33  Extractor  
  63  4:34  Zergling x2  
  65  4:40  Zergling x2  
  65  4:41  Overlord  
  65  4:44  Overlord  
  65  4:50  Overlord  
  65  4:54  Drone x6  
  68  5:00  Drone  
  68  5:01  Baneling Nest, Zergling x4  
  68  5:03  Drone  
  68  5:04  Zergling x2  
  68  5:06  Drone  
  73  5:10  Zerg Melee Weapons Level 1  
  73  5:19  Zergling x12  
  76  5:30  Hatchery  
  76  5:31  Zergling x8  
  76  5:35  Zergling x4  
  78  5:36  Zergling x6  
  78  5:40  Zergling x4  
  78  5:42  Zergling x2  
  84  5:43  Zergling x2  
  84  5:44  Zergling x2  
  84  5:46  Zergling x2  
  87  5:53  Zergling x6  
  87  5:56  Zergling x4  
  92  5:58  Drone  
  92  6:04  Lair  
  92  6:05  Zergling x8  
  92  6:08  Drone  
  92  6:10  Overlord  
  92  6:11  Hatchery  
  96  6:12  Overlord  
  96  6:13  Overlord  
  96  6:16  Zergling x2  
  95  6:20  Zergling x6  
  97  6:26  Zergling x2  
  97  6:27  Overlord x2  
  97  6:32  Zergling x6  
  99  6:40  Zergling x6  
  99  6:42  Zergling x6  
  99  6:43  Zergling x4  
  104  6:48  Drone  
  104  6:49  Drone x2  
  104  6:51  Zergling x2  
  104  6:53  Drone x2  
  109  6:54  Drone  
  105  7:05  Drone x10  
  105  7:06  Extractor, Zerg Melee Weapons Level 2, Hydralisk Den  
  105  7:08  Extractor  
  111  7:16  Roach Warren  
  111  7:19  Drone x2  
  111  7:21  Zergling x10  
  117  7:30  Zergling x14  
  117  7:31  Zergling x8  
  117  7:33  Spine Crawler  
  117  7:34  Drone  
  128  7:37  Drone  
  128  7:38  Drone x2  
  128  7:40  Extractor  
  128  7:43  Drone  
  130  7:46  Overlord  
  130  7:47  Overseer  
  130  7:49  Baneling x3  
  130  7:55  Glial Reconstitution  
  130  7:57  Roach x10  
  149  7:58  Overlord  
  149  8:03  Overlord x2  
  149  8:06  Drone x5  
  149  8:08  Roach  
  149  8:11  Overlord  
  149  8:12  Overlord  
  156  8:14  Baneling x4  
  156  8:16  Centrifugal Hooks  
  156  8:22  Drone x4  
  158  8:28  Drone x7  
  163  8:40  Roach x7  
  177  8:45  Drone  
  178  8:50  Zergling x16  
  186  8:56  Zergling x12  
  186  8:57  Zergling x2  
  192  9:04  Overlord  
  192  9:05  Ravager x3  
  192  9:06  Baneling  
  192  9:07  Baneling x8  
  195  9:10  Ravager x2  
  195  9:11  Overlord  
  195  9:12  Extractor  
  195  9:14  Drone  
  197  9:18  Infestation Pit  
  197  9:19  Spore Crawler  
  197  9:21  Baneling  
  197  9:22  Zerg Missile Weapons Level 1, Baneling x2  
  194  9:25  Zergling x12  
  194  9:38  Roach x3  
  194  9:44  Zergling x20  
  199  9:54  Baneling x19  
  199  9:56  Hatchery  
  199  9:59  Extractor  
  195  10:01  Drone x3  
  198  10:07  Extractor  
  198  10:09  Hive  
  197  10:14  Baneling x7  
  197  10:16  Zergling x4  
  199  10:28  Zergling x6  
  200  10:35  Baneling x15  
  200  10:36  Baneling  
  197  10:56  Zergling x12  
  199  10:57  Baneling x4  
  199  10:59  Zergling x8  
  199  11:05  Zergling x4  
  199  11:09  Zergling x10  
  199  11:12  Baneling x12  
  195  11:18  Zergling x10  
  195  11:20  Baneling x10  
  195  11:21  Baneling x3  
  199  11:27  Zergling x6  
  184  11:34  Zergling x36  
  185  11:42  Zergling x36  
  185  11:46  Adrenal Glands  
  195  11:47  Zerg Melee Weapons Level 3  
  195  11:53  Roach x7  
  194  11:56  Roach x3  
  183  12:03  Zergling x4  
  178  12:08  Evolution Chamber  
  169  12:16  Zergling x8  
  170  12:24  Drone x5  
  170  12:26  Baneling  
  170  12:27  Baneling x15  
  170  12:28  Ravager x2  
  170  12:29  Zergling x26  
  190  12:34  Zerg Missile Weapons Level 2  
  190  12:35  Zergling x10  
  190  12:36  Ravager  
  196  12:39  Zergling x2  
  196  12:40  Zergling x2  
  194  12:46  Baneling x18  
  194  12:49  Spine Crawler  
  194  12:51  Baneling x3  
  193  12:52  Zergling x2  
  193  12:53  Drone  
  193  12:54  Baneling x2  
  195  12:59  Zergling x10  
  197  13:11  Zergling x22  
  179  13:22  Zergling x20  
  179  13:26  Zergling x8  
  178  13:29  Zergling x6  
  178  13:32  Zergling x4  
  170  13:34  Zergling x4  
  170  13:37  Zergling x2  
  170  13:38  Zergling x6  
  170  13:40  Zergling x2  
  162  13:43  Zergling x6  
  162  13:47  Zergling x6  
  154  13:49  Zergling x4  
  154  13:54  Overseer  
  133  13:56  Roach x2  
  133  13:58  Roach x3  
  133  13:59  Roach  
  133  14:01  Roach  
  136  14:05  Roach x2  
  136  14:06  Roach  
  136  14:09  Roach x2  
  140  14:10  Baneling  
  140  14:11  Baneling  
  140  14:14  Roach x2  
  144  14:18  Roach  
  144  14:19  Roach, Baneling x3  
  144  14:23  Roach x2  
  152  14:25  Roach  
  153  14:31  Roach  
  153  14:32  Roach x4  
  153  14:34  Roach  
  169  14:38  Roach x3  
  169  14:40  Roach  
  169  14:43  Roach x2  
  177  14:52  Zergling x18  
  183  15:07  Zergling x14  
  183  15:10  Ultralisk Cavern, Zerg Missile Weapons Level 3, Zerg Ground Armor Level 1  
  183  15:12  Hydralisk Den  
  188  15:15  Baneling x8  
  180  15:23  Zergling x6  
  180  15:24  Zergling x16  
  182  15:32  Hatchery  
  181  15:46  Hydralisk x6, Lurker Den, Baneling x2  
  181  15:47  Lurker Den  
  185  16:08  Extractor  
  185  16:10  Baneling x2  
  184  16:12  Zergling x4  
  184  16:13  Zergling x4  
  188  16:19  Spine Crawler  
  187  16:25  Spore Crawler  
  184  16:40  Grooved Spines  
  184  16:43  Lurker x6  
  184  16:45  Adaptive Talons, Seismic Spines  
  184  16:46  Zergling x4  
  184  16:47  Zergling x14  
  198  16:56  Drone, Extractor  
  198  16:57  Drone  
  199  17:05  Hatchery  
  183  17:09  Hydralisk x5  
  183  17:10  Zergling x18  
  199  17:17  Overlord x2  
  199  17:21  Overlord x2  
  194  17:24  Hydralisk x3  
  197  17:33  Hatchery  
  197  17:36  Hydralisk x2  
  197  17:37  Hydralisk  
  193  17:41  Zerg Ground Armor Level 2  
  198  17:49  Hydralisk  
  198  17:51  Overlord, Muscular Augments  
  200  17:57  Lurker x2  
  200  17:58  Lurker x4  
  200  17:59  Spore Crawler  
  200  18:04  Zergling x2  
  188  18:15  Hydralisk x4  
  188  18:18  Zergling x4  
  188  18:19  Zergling x18  
  173  18:20  Hydralisk x2  
  173  18:24  Zergling x6  
  173  18:26  Lurker x5  
  183  18:28  Ravager x2  
  185  18:43  Zergling x10  
  187  18:51  Ravager x8  
  187  18:52  Ravager x2  
  191  18:56  Baneling x15  
  191  18:57  Baneling x2  
  188  19:09  Hydralisk x5  
  179  19:17  Hydralisk x3  
  175  19:30  Hydralisk  
  175  19:31  Hydralisk  
  164  19:32  Zergling x14  
  167  19:40  Hydralisk  
  153  19:46  Viper  
  153  19:47  Viper x3  
  144  19:58  Hydralisk x3  
  130  20:10  Hydralisk x4  
  136  20:19  Hydralisk  
  136  20:20  Hydralisk x2  
  136  20:28  Hydralisk x2  
  134  20:31  Hydralisk  
  140  20:36  Hydralisk x2  
  140  20:40  Hydralisk  
  140  20:42  Hydralisk  
  146  20:46  Hydralisk  
  146  20:48  Hydralisk  
  152  20:53  Hydralisk  
  152  20:56  Hydralisk  
  156  20:58  Overseer x2  
  156  21:00  Hydralisk  
  156  21:03  Hydralisk  
  158  21:06  Hydralisk  
  158  21:08  Hydralisk  
  156  21:25  Hydralisk x6  
  146  21:31  Hydralisk x3  
  151  21:36  Hydralisk x2  
  143  21:46  Viper x3  
  152  21:58  Zergling x4, Hatchery  
  153  22:02  Hydralisk x2  
  156  22:12  Hydralisk x2  
  156  22:15  Lurker x2  
  162  22:24  Hydralisk, Lurker x5  
  162  22:26  Baneling x2  
  162  22:27  Baneling x2  
  169  22:32  Hydralisk  
  169  22:33  Hydralisk  
  173  22:40  Hydralisk x2  
  173  22:42  Zergling x4  
  179  22:46  Zergling x4  
  179  22:47  Zergling x2, Lurker  
  179  22:48  Lurker  
  182  22:54  Zergling x10  
  185  23:04  Zergling x12  
  189  23:09  Baneling  
  189  23:11  Zergling x4, Baneling x4  
  191  23:13  Zergling x2  
  191  23:25  Zergling x6  
  193  23:30  Zergling x8  
  194  23:37  Zergling x4  
  194  23:38  Zergling x8  
Show
View Real Time Build Order
Export as new Build Order

MaNa Protoss 

Build Orders: 1 Gate Expand, Oracle Opening 

Get SALT Encoding   

  12  0:01  Probe  
  13  0:14  Probe  
  14  0:21  Pylon  
  14  0:26  Probe  
  15  0:39  Probe (Chrono Boost)  
  16  0:45  Gateway  
  16  0:48  Probe (Chrono Boost)  
  17  0:50  Assimilator  
  17  0:53  Probe (Chrono Boost)  
  18  1:05  Probe (Chrono Boost)  
  19  1:13  Probe (Chrono Boost)  
  20  1:19  Probe  
  21  1:31  Nexus  
  21  1:41  Cybernetics Core  
  21  1:47  Assimilator  
  21  1:53  Pylon  
  21  1:55  Probe  
  22  2:08  Probe  
  23  2:15  Adept (Chrono Boost)  
  23  2:17  Stargate  
  23  2:20  Probe  
  26  2:27  Warp Gate  
  26  2:32  Probe  
  27  2:38  Stalker  
  29  2:44  Probe x2  
  31  2:56  Probe x2  
  32  2:59  Oracle (Chrono Boost)  
  35  3:08  Probe x2  
  37  3:20  Probe x2  
  39  3:31  Nexus  
  39  3:32  Probe x2  
  41  3:38  Pylon  
  41  3:42  Oracle  
  41  3:44  Probe  
  41  3:46  Probe  
  46  3:52  Twilight Council  
  46  3:56  Probe  
  46  3:58  Probe  
  48  4:08  Gateway  
  48  4:09  Probe  
  49  4:10  Probe  
  50  4:21  Probe (Chrono Boost)  
  50  4:22  Probe (Chrono Boost)  
  50  4:23  Gateway x2  
  52  4:26  Blink (Chrono Boost)  
  52  4:28  Adept  
  54  4:34  Pylon  
  54  4:42  Probe  
  53  4:47  Probe  
  53  4:48  Probe  
  50  4:54  Adept  
  50  4:56  Probe  
  52  5:00  Probe x2  
  52  5:04  Stalker  
  52  5:05  Pylon  
  55  5:08  Probe  
  55  5:09  Assimilator  
  55  5:12  Probe x2  
  58  5:20  Stalker x3, Probe  
  65  5:24  Probe x2  
  65  5:27  Stalker  
  67  5:36  Shield Battery  
  67  5:37  Probe x2  
  67  5:40  Probe  
  70  5:42  Gateway  
  70  5:44  Stalker x3  
  70  5:47  Gateway  
  70  5:49  Probe  
  77  5:51  Shield Battery  
  77  5:55  Gateway  
  77  5:58  Pylon  
  77  6:08  Pylon  
  77  6:09  Pylon  
  77  6:16  Stalker x2, Probe x3  
  84  6:26  Oracle (Chrono Boost)  
  84  6:28  Probe x2  
  84  6:31  Forge  
  84  6:32  Forge  
  89  6:38  Stalker x2  
  93  6:43  Zealot x4  
  93  6:44  Probe  
  101  6:50  Pylon x2  
  101  6:52  Pylon  
  101  6:57  Probe  
  101  6:58  Protoss Ground Weapons Level 1 (Chrono Boost)  
  101  6:59  Protoss Ground Armor Level 1 (Chrono Boost)  
  101  7:04  Gateway  
  101  7:07  Photon Cannon  
  101  7:12  Probe x2  
  101  7:13  Probe  
  104  7:16  Nexus  
  104  7:18  Pylon  
  104  7:21  Zealot x3  
  110  7:24  Probe x2  
  110  7:25  Probe  
  110  7:28  Assimilator  
  113  7:30  Assimilator  
  113  7:36  Probe  
  114  7:40  Zealot x3  
  114  7:41  Pylon  
  114  7:42  Probe x2  
  122  7:45  Assimilator  
  122  7:49  Probe  
  123  7:52  Templar Archives  
  123  7:53  Gateway x2  
  123  7:56  Probe x2  
  125  8:00  Gateway  
  125  8:01  Probe  
  125  8:02  Gateway  
  126  8:13  Shield Battery  
  126  8:16  Gateway  
  126  8:17  Gateway  
  126  8:18  Probe x3  
  126  8:19  Gateway  
  129  8:20  Assimilator  
  129  8:24  Pylon  
  129  8:31  Probe x2  
  131  8:36  High Templar x4  
  131  8:39  Oracle  
  131  8:40  Charge (Chrono Boost), Archon x2  
  142  8:44  Photon Cannon x2, Protoss Ground Weapons Level 2 (Chrono Boost), Protoss Ground Armor Level 2 (Chrono Boost)  
  142  8:46  Probe x2  
  142  8:47  Assimilator  
  144  8:53  Pylon  
  144  9:00  Zealot x3  
  150  9:06  Shield Battery  
  150  9:12  Pylon, Shield Battery  
  150  9:14  High Templar x2  
  154  9:23  Photon Cannon  
  154  9:27  Archon  
  154  9:28  Stalker x4, Zealot  
  164  9:43  Stalker x4  
  164  9:45  Shield Battery  
  172  9:48  Shield Battery  
  172  9:56  Photon Cannon  
  172  9:57  Photon Cannon  
  172  9:59  Pylon  
  172  10:00  Nexus  
  172  10:05  Pylon  
  172  10:07  Pylon  
  172  10:08  Pylon, Robotics Facility  
  172  10:09  Pylon  
  172  10:18  Sentry x2  
  176  10:28  High Templar x6  
  184  10:30  Zealot x5  
  184  10:32  Archon x3  
  196  10:56  High Templar x3  
  196  10:57  High Templar  
  199  11:01  Archon x2  
  199  11:03  Photon Cannon  
  191  11:06  Photon Cannon  
  191  11:08  Shield Battery  
  191  11:09  Protoss Ground Armor Level 3 (Chrono Boost)  
  191  11:11  Protoss Ground Weapons Level 3 (Chrono Boost)  
  191  11:13  Zealot x4  
  193  11:22  Shield Battery  
  170  11:34  Zealot  
  131  11:42  Stalker x9  
  131  11:43  Zealot x3  
  110  12:04  Stalker x4  
  110  12:06  Stalker x4, Zealot x2  
  110  12:07  Zealot x3  
  120  12:25  Immortal  
  120  12:28  Stalker x3  
  120  12:29  Psionic Storm, Zealot x4  
  138  12:33  Nexus  
  138  12:43  High Templar x2  
  138  12:44  High Templar x2  
  144  12:53  Pylon  
  144  12:55  Pylon  
  144  13:00  Stalker x6  
  144  13:04  Pylon  
  118  13:23  Stalker x8  
  118  13:24  Zealot x3  
  106  13:44  Zealot x3  
  106  13:46  Zealot x7  
  110  13:48  Zealot  
  96  14:05  High Templar x3  
  96  14:06  High Templar x2  
  96  14:07  High Templar  
  108  14:10  Nexus  
  108  14:12  Archon  
  108  14:16  Pylon, Immortal (Chrono Boost)  
  108  14:24  High Templar x2  
  114  14:26  Pylon  
  116  14:32  Archon  
  116  14:34  Pylon  
  116  14:36  Shield Battery  
  116  14:38  Shield Battery, High Templar x2  
  120  14:42  Archon  
  120  14:43  Stalker, Photon Cannon  
  120  14:44  Stalker  
  124  14:47  Assimilator  
  116  15:03  Stalker x7  
  130  15:09  Sentry  
  130  15:14  Immortal (Chrono Boost), Shield Battery  
  132  15:28  High Templar x2  
  128  15:40  Void Ray (Chrono Boost)  
  132  15:47  Stalker x3  
  132  15:48  Stalker, Assimilator  
  140  15:54  Photon Cannon  
  140  15:56  Photon Cannon  
  138  16:01  Protoss Shields Level 1  
  136  16:05  Zealot x4  
  144  16:12  Shield Battery  
  144  16:14  Pylon  
  144  16:22  Sentry  
  146  16:26  High Templar x4  
  146  16:30  Archon x2  
  148  16:33  Immortal  
  148  16:40  Zealot x2  
  148  16:41  Zealot x3  
  158  16:58  Zealot x6  
  166  17:13  Observer (Chrono Boost)  
  163  17:18  Stargate  
  163  17:21  Stargate  
  163  17:22  Fleet Beacon  
  161  17:24  Pylon  
  149  17:33  Protoss Air Weapons Level 1  
  145  17:37  Zealot x9  
  145  17:43  Zealot  
  161  17:46  Zealot  
  163  17:55  Observer  
  164  18:04  Tempest  
  164  18:05  Tempest  
  174  18:07  Tempest  
  155  18:22  Observer  
  155  18:24  Archon  
  155  18:25  High Templar  
  155  18:26  High Templar x3  
  155  18:27  High Templar x2  
  161  18:34  Observer  
  160  18:47  Tempest  
  165  18:55  Tempest x2  
  148  19:27  Archon  
  148  19:28  Archon  
  148  19:30  Tempest  
  141  19:38  Tempest x2  
  126  19:43  Zealot x11  
  102  20:00  Unknown  
  102  20:05  Zealot x7  
  107  20:09  Observer  
  107  20:12  High Templar  
  107  20:13  Tempest, High Templar x3  
  94  20:22  Immortal  
  97  20:39  Observer  
  97  20:42  Nexus  
  97  20:49  Observer  
  97  20:51  High Templar  
  97  20:52  High Templar x3  
  105  20:57  Archon x2  
  105  21:08  High Templar x4  
  114  21:11  Observer  
  114  21:12  Archon  
  114  21:13  Archon  
  114  21:15  Pylon  
  106  21:39  High Templar x2  
  94  21:45  Pylon, High Templar  
  96  21:47  Zealot x4  
  96  21:53  Zealot  
  106  21:57  Observer  
  101  22:19  Zealot x6  
  111  22:24  Shield Battery  
  111  22:35  High Templar x2  
  115  22:39  Archon, Zealot  
  115  22:40  Zealot  
  106  23:15  Immortal (Chrono Boost)  
  110  23:21  Zealot x4  

Tags
 
Add a new tag
Caveats
  • Supply blocks, unpowered buildings, or Contaminate may cause inaccurate times.
  • Supply counts are checked every 10 seconds.